 Seeded DCSS version 0.30-a0-632-g346586fe48 (webtiles) character file.

Game seed: 13946130151040531641 (custom seed)

6141 drewk1942 the Fighter (level 10, -1/65 HPs)
             Began as a Gargoyle Air Elementalist on Jan 13, 2023.
             Was a Believer of Vehumet.
             Slain by a manticore (9 damage)
             ... on level 12 of the Dungeon.
             The game lasted 00:25:46 (10766 turns).

drewk1942 the Fighter (Gargoyle Air Elementalist)  Turns: 10766, Time: 00:25:46

Health: -1/65      AC: 14    Str: 12    XL:     10   Next: 90%
Magic:  4/18       EV: 16    Int: 20    God:    Vehumet [**....]
Gold:   491        SH:  0    Dex: 10    Spells: 6/20 levels left

rFire   + . .      SeeInvis +    k - staff of air
rCold   . . .      Faith    .    (no shield)
rNeg    + . .      Spirit   .    x - +0 steam dragon scales rPois โˆž Reflect .
                                 (no helmet)
rElec   +          Harm     .    (no cloak)
rCorr   .          Rampage  .    v - +0 pair of gloves
Will    .....                    t - +0 pair of boots
Stlth   ++                       (no amulet)
HPRegen 0.30/turn                c - +5 ring of evasion
MPRegen 0.16/turn                H - ring "Zudysh" {rF+ SInv}

@: studying Fighting
A: sickness immunity, AC +7, negative energy resistance 1, electricity
resistance, torment resistance 1, petrification resistance
a: Renounce Religion


You were on level 12 of the Dungeon.
You worshipped Vehumet.
Vehumet was pleased with you.
You visited 2 branches of the dungeon, and saw 11 of its levels.

You collected 491 gold pieces.

Inventory:

Hand Weapons
 f - a +4 spear of draining
Armour
 a - a +0 robe
 t - a +0 pair of boots (worn)
 v - a +0 pair of gloves (worn)
 x - +0 steam dragon scales (worn)
Magical Staves
 k - a staff of air (weapon)
Jewellery
 c - a +5 ring of evasion (left hand)
 A - a ring of willpower
 B - a ring of ice
 G - an amulet of faith
 H - a ring "Zudysh" (right hand) {rF+ SInv}
   (You found it on level 8 of the Dungeon)

   [ring of protection from fire]

   rF:        It protects you from fire.
   SInv:      It lets you see invisible.
Wands
 y - a wand of flame (5)
 z - a wand of charming (4)
Scrolls
 d - 6 scrolls of teleportation
 e - 3 scrolls of poison
 j - a scroll of vulnerability
 o - 5 scrolls of fog
 p - a scroll of magic mapping
 q - 7 scrolls of identify {unknown}
 r - a scroll of fear {unknown}
 s - 3 scrolls of enchant weapon {unknown}
Potions
 g - a potion of curing
 h - a potion of brilliance {unknown}
 i - 2 potions of lignification {unknown}
 l - a potion of mutation {unknown}
 m - 3 potions of heal wounds
 n - 5 potions of degeneration {unknown}
 u - a potion of attraction {unknown}
 w - a potion of ambrosia {unknown}
 C - 2 potions of haste {unknown}
 D - a potion of invisibility {unknown}
 E - a potion of cancellation
 F - a potion of flight {unknown}


   Skills:
 * Level 8.4 Fighting
 + Level 3.8 Staves
 - Level 1.5 Dodging
 - Level 2.1 Stealth
 + Level 5.8 Spellcasting
 + Level 6.6 Conjurations
 + Level 1.6 Summonings
 * Level 7.5 Air Magic
 * Level 7.2 Evocations


You had 6 spell levels left.
You knew the following spells:

 Your Spells              Type           Power      Damage    Failure   Level
a - Shock                 Conj/Air       100%       1d9       1%          1
b - Static Discharge      Conj/Air       100%       2-7/arc   1%          2
c - Airstrike             Air            26%        2d(4-20)  4%          4
d - Swiftness             Air            52%        N/A       1%          3
e - Summon Lightning Spi  Summ/Air       36%        N/A       16%         4

Your spell library contained the following spells:

 Spells                   Type           Power      Damage    Failure   Level
 Poisonous Vapours        Pois/Air       62%        N/A       3%          2
 Kiss of Death            Conj/Necr      76%        2d11      2%          1
 Hailstorm                Conj/Ice       19%        3d6       9%          3
 Beastly Appendage        Tmut           10%        N/A       11%         1
 Freeze                   Ice            20%        1d4       11%         1
 Slow                     Hex            20%        N/A       11%         1
 Wereblood                Tmut           5%         N/A       16%         2
 Confusing Touch          Hex            5%         N/A       32%         3
 Frozen Ramparts          Ice            10%        1d2       32%         3
 Spider Form              Tmut/Pois      5%         N/A       32%         3
 Vampiric Draining        Necr           5%         2d6       32%         3
 Dispel Undead            Necr           5%         3d7       71%         4
 Storm Form               Tmut/Air       15%        N/A       100%        7
 Maxwell's Capacitive Co  Air            26%        โˆž       100%        8


Dungeon Overview and Level Annotations

Branches:
Dungeon (12/15)            Temple (1/1) D:6            Lair (0/5) D:8
    Orc: D:9-12

Altars:
Ashenzari
Cheibriados
Dithmenos
Elyvilon
Fedhas
Gozag
Hepliaklqana
Kikubaaqudgha
Makhleb
Nemelex Xobeh
Okawaru
Qazlal
Ru
Trog
Uskayaw
Vehumet
Wu Jian
Xom
Yredelemnul
Zin
The Shining One

Shops:
D:1 (

Annotations:
D:12 Fannar, Maurice


Innate Abilities, Weirdness & Mutations

You are immune to sickness and miasma.
Your stone body is resilient. (AC +7)
You are immune to poison.
You resist negative energy. (rN+)
You are resistant to electric shocks. (rElec)
You are resistant to unholy torment.
You are immune to petrification.


Message History

The manticore claws you but does no damage. x2
Maurice zaps a wand.
The roots erupt in riotous growth!
The grasping roots grab you!
The manticore is unaffected.
The grasping roots constrict you.
You hear a shout! x2
You barely miss the manticore.
The manticore is severely wounded.
The manticore bites you but does no damage.
The manticore claws you.
The manticore claws you but does no damage.
The grasping roots constrict you.
* * * LOW HITPOINT WARNING * * *
You feel much better. The grasping roots constrict you!
The manticore barely misses you.
The manticore claws you but does no damage. x2
Your magical contamination has completely faded away.
You barely miss the manticore.
The manticore is severely wounded.
Maurice gestures wildly while chanting.
Maurice blinks!
The grasping roots constrict you. The manticore bites you!
The manticore claws you but does no damage. x2
The grasping roots release their grip on you.
You barely miss the manticore.
The manticore is severely wounded.
The manticore bites you.
The manticore claws you but does no damage.
The manticore completely misses you.
Maurice gestures wildly while chanting.
Maurice blinks!
You hit the manticore.
The manticore is electrocuted.
The manticore is severely wounded.
The manticore misses you.
The manticore claws you but does no damage.
The manticore barely misses you.
You hit the manticore but do no damage.
The manticore is electrocuted!
The manticore is almost dead.
The manticore bites you!
* * * LOW HITPOINT WARNING * * *
The manticore claws you!
You die...

*.##,,,,,,,,,* *..#,,,8~8,,,*
*#.#,,,~*~,,,*
#######.#,,,~*~,,,* #########
#.......#,,,~*~,,,, ........#
#>......#8~~8*8~~~~
....e...#######8......###########
..[....Yo....##...........'......
..o.o...####...@@......###.......
........# ####..H.....# ##......
.โ—‹......# #.ยง......# #......
.8......# #........# #...H..
[.......# #........# #......
######+## #........# #...... *,*
###.###### #..)... *,* #..,*
####### *,* ****###+#** ###


You could see Maurice (swift, invisible), a manticore (ally target) and a
friendly lightning spire (summoned).

Vanquished Creatures
  Maggie (D:7)
  Prince Ribbit (D:6)
  6 yaks (D:9)
  A steam dragon (D:5)
  Menkaure (D:7)
  Duvessa (D:7)
  An acid dragon (D:8)
  2 water moccasins
  4 orc warriors
  4 ice beasts
  2 centaurs
  4 ogres
  5 phantoms
  2 kobold brigands
  Blork the orc (D:6)
  3 bullfrogs
  6 scorpions
  4 wights (D:9)
  Dowan (D:7)
  3 killer bees (D:8)
  A gnoll bouda (D:5)
  4 jellies
  3 orc priests
  5 hounds
  Jessica (D:3)
  Ijyb (D:3)
  Terence (D:3)
  8 orc wizards
  4 iguanas
  7 gnolls
  6 adders
  2 shadow imps (D:7)
  An ufetubus (D:4)
  3 worms
  3 dart slugs
  31 orcs
  6 bats
  10 endoplasms
  3 giant cockroaches
  13 goblins
  4 hobgoblins
  10 ball pythons
  4 frilled lizards
  19 kobolds
  8 rats
211 creatures vanquished.

Vanquished Creatures (collateral kills)
  Joseph (D:8)
  An orc (D:12)
2 creatures vanquished.

Grand Total: 213 creatures vanquished

Notes
Turn   | Place    | Note
-------+----------+-------------------------------------------
     0 | D:1      | drewk1942 the Gargoyle Air Elementalist began the quest for
                  | the Orb.
     0 | D:1      | Reached XP level 1. HP: 10/10 MP: 3/3
    45 | D:1      | Found a faded altar of an unknown god.
   393 | D:1      | Reached XP level 2. HP: 15/15 MP: 3/5
  1302 | D:1      | Found Satoxzas's Antique Weapon Boutique.
  1383 | D:2      | Reached XP level 3. HP: 11/19 MP: 0/6
  1652 | D:2      | Reached XP level 4. HP: 24/24 MP: 0/7
  2349 | D:2      | Found a shadowy altar of Dithmenos.
  2463 | D:2      | Reached XP level 5. HP: 23/28 MP: 4/9
  2676 | D:3      | Noticed Terence
  2684 | D:3      | Killed Terence
  2685 | D:3      | Reached skill level 1 in Evocations
  3060 | D:3      | Noticed Jessica
  3063 | D:3      | Killed Jessica
  3293 | D:3      | Reached XP level 6. HP: 32/32 MP: 6/10
  3398 | D:3      | Noticed Ijyb
  3439 | D:3      | Killed Ijyb
  3530 | D:3      | Learned a level 2 spell: Static Discharge
  4098 | D:4      | Identified the +2 leather armour "Pipty" {Rampage Will+}
  4144 | D:4      | Reached XP level 7. HP: 15/36 MP: 9/12
  5119 | D:5      | Entered Level 5 of the Dungeon
  5315 | D:5      | Learned a level 4 spell: Airstrike
  5379 | D:5      | Reached skill level 5 in Air Magic
  5379 | D:5      | Reached XP level 8. HP: 37/41 MP: 0/14
  5590 | D:5      | Found a glowing silver altar of Zin.
  5607 | D:5      | Found a sacrificial altar of Ru.
  5975 | D:5      | Found an iron altar of Okawaru.
  5993 | D:5      | Found a glowing golden altar of the Shining One.
  6026 | D:5      | Reached skill level 5 in Conjurations
  6096 | D:5      | Identified a scroll of acquirement
  6096 | D:5      | Acquired the +6 quick blade "Woduydda" {flame, Fly rPois
                  | rCorr Dex-4}
  6172 | D:5      | Reached skill level 1 in Staves
  6172 | D:5      | Reached skill level 5 in Evocations
  6290 | D:5      | Reached skill level 1 in Fighting
  6290 | D:5      | Reached XP level 9. HP: 47/47 MP: 7/16
  6584 | D:6      | Reached skill level 2 in Fighting
  6690 | D:6      | Found a staircase to the Ecumenical Temple.
  6700 | Temple   | Entered the Ecumenical Temple
  6754 | Temple   | Became a worshipper of Vehumet
  6777 | D:6      | Reached skill level 3 in Fighting
  6934 | D:6      | Found a broken altar of Ashenzari.
  6995 | D:6      | Noticed Blork the orc
  7001 | D:6      | Killed Blork the orc
  7002 | D:6      | Reached skill level 5 in Spellcasting
  7106 | D:6      | Reached skill level 4 in Fighting
  7513 | D:6      | Noticed Prince Ribbit
  7520 | D:6      | Killed Prince Ribbit
  7651 | D:6      | Found a basalt altar of Yredelemnul.
  7693 | D:6      | Reached skill level 5 in Fighting
  7768 | D:6      | Reached * piety under Vehumet
  7768 | D:6      | Offered knowledge of Magic Dart by Vehumet.
  7773 | D:6      | Learned a level 3 spell: Swiftness
  8396 | D:7      | Found an ornate altar of the Wu Jian Council.
  8399 | D:7      | Noticed Maggie
  8407 | D:7      | Killed Maggie
  8408 | D:7      | Reached skill level 6 in Fighting
  8408 | D:7      | Reached XP level 10. HP: 28/60 MP: 1/18
  8589 | D:7      | Noticed Menkaure
  8597 | D:7      | Killed Menkaure
  8640 | D:7      | Found a hazy altar of Hepliaklqana.
  8953 | D:7      | Learned a level 4 spell: Summon Lightning Spire
  9077 | D:7      | Noticed Duvessa
  9077 | D:7      | Noticed Dowan
  9088 | D:7      | Killed Duvessa
  9089 | D:7      | Killed Dowan
  9418 | D:8      | Noticed Joseph
  9423 | D:8      | Killed Joseph
  9424 | D:8      | Reached skill level 7 in Fighting
  9459 | D:8      | Found a sparkling altar of Nemelex Xobeh.
  9480 | D:8      | Offered knowledge of Poisonous Vapours by Vehumet.
  9662 | D:8      | Identified the +8 battleaxe of the Vestibule of Hell {elec,
                  | Fragile Str+3 Int+2 Dex+3}
  9843 | D:8      | Found a staircase to the Lair.
  9890 | D:8      | Identified a ring "Zudysh" {rF+ SInv}
  9957 | D:9      | Reached ** piety under Vehumet
  9958 | D:9      | Reached skill level 1 in Summonings
 10384 | D:9      | Reached skill level 8 in Fighting
 10516 | D:9      | You fall into a shaft and drop 3 floors!
 10566 | D:12     | Noticed a two-headed ogre
 10620 | D:12     | Noticed a manticore
 10621 | D:12     | Noticed Maurice
 10621 | D:12     | Noticed Fannar
 10621 | D:12     | Noticed a boulder beetle
 10766 | D:12     | Slain by a manticore

Illustrated notes

Levels and vault maps discovered:
D:1:      giann_wishing_wells, layout_loops_corners, serial_shops,
          nicolae_shop_hallway_plus, dreamdust_ecumenical_altar_statues
D:2:      minmay_chambers_of_ones, layout_basic, basic_altar, wad_orctagon
D:3:      layout_loops_ring, reono_crystal_passage, roderic_serpentine_path,
          lightli_corner_chamber, uniq_terence, uniq_jessica, uniq_ijyb
D:4:      kb_forest_paths, layout_loops_ring, serial_rivers,
          chequers_serial_rivers_small_b, chequers_serial_rivers_micro_d,
          chequers_serial_rivers_micro_a, chequers_serial_rivers_micro_d,
          chequers_serial_rivers_micro_a
D:5:      layout_gridville, nicolae_overflow_quartered_altars,
          minmay_manual_mess
D:6:      layout_loops_ring, marbit_many_paths, mainiacjoe_overflow_alcove_2,
          minmay_temple_entry_waves, serial_glass, glass_columns_b,
          glass_columns_c, minmay_misc_feat_tiny, minmay_increasing_density,
          uniq_blork_the_orc, uniq_prince_ribbit1
D:7:      layout_basic, nicolae_overflow_crystal_walls,
          mainiacjoe_overflow_24_doors, uniq_duvessa, uniq_menkaure, uniq_maggie
D:8:      layout_basic, nemelex_xobeh_ov_fountains_minmay, lair_entry_dummy,
          uniq_joseph
D:9:      layout_loops_ring, erik_orc_1
D:12:     layout_roguey, special_room [special_room_bee],
          hellmonk_guarded_unrand_salamander, uniq_lodul, uniq_maurice,
          uniq_fannar
Temple:   nicolae_temple_ecumenical_triangle

Skill      XL: |  1  2  3  4  5  6  7  8  9 10 |
---------------+-------------------------------+-----
Conjurations   | 2 3 4 5 6 |  6.6
Air Magic      | 3 4 5 6 7 |  7.5
Spellcasting   | 3 4 5 |  5.8
Evocations     | 1 2 3 5 6 7 |  7.2
Staves         | 1 2 3 |  3.8
Fighting       | 1 6 8 |  8.4
Summonings     | 1 |  1.6
Dodging        | |  1.5
Stealth        | |  2.1

Action                   |  1- 3 |  4- 6 |  7- 9 | 10-12 || total
-------------------------+-------+-------+-------+-------++-------
Melee: Unarmed           |    12 |       |       |       ||    12
       Spear             |     7 |       |       |       ||     7
       Staff             |     1 |    45 |    17 |    33 ||    96
 Cast: Shock             |    61 |   103 |   214 |   129 ||   507
       Static Discharge  |       |     7 |    30 |    22 ||    59
       Airstrike         |       |       |     7 |     7 ||    14
       Swiftness         |       |       |     1 |       ||     1
       Summon Lightning  |       |       |       |     5 ||     5
  Use: Potion            |       |     2 |     1 |     3 ||     6
       Scroll            |       |       |     8 |     1 ||     9
Armor: Robe              |     9 |    10 |     2 |       ||    21
       Steam dragon scal |       |       |    19 |    46 ||    65
Dodge: Dodged            |    11 |    64 |    72 |    62 ||   209

Table legend: (Time is in decaauts)
 A = Elapsed time spent in this place.
 B = Non-inter-level travel time spent in this place.
 C = Inter-level travel time spent in this place.
 D = Time resting spent in this place.
 E = Time spent auto-exploring this place.
 F = Levels seen in this place.
 G = Mean time per level.
                   A        B        C        D        E       F      G
               +--------+--------+--------+--------+--------+-----+--------+
         Total |  10773 |  10436 |    337 |    935 |   7985 |  11 |  979.4 |
       Dungeon |  10711 |  10381 |    330 |    935 |   7985 |  10 | 1071.1 |
        Temple |     61 |     54 |      7 |      0 |      0 |   1 |   61.0 |
               +--------+--------+--------+--------+--------+-----+--------+

Top non-repeatable levels by time:
     D:6: 1495 daAuts
     D:1: 1376 daAuts
     D:3: 1339 daAuts
     D:5: 1299 daAuts
     D:7: 1281 daAuts
     D:4: 1267 daAuts
     D:2: 1195 daAuts
     D:8: 638 daAuts
     D:9: 567 daAuts
    D:12: 250 daAuts
  Temple: 61 daAuts
